[Event "Schack-SM 2023: Veteran-SM 65+"]
[Site "Helsingborg Arena, Mellersta Stenbocksgatan 14, Helsingborg, Sweden"]
[Date "2023.07.07"]
[Round "7.3"]
[White "Alquist, Erik"]
[Black "Blomstrom, Lars"]
[Result "1-0"]
[TimeControl "90 minutes for 40 moves + 30 minutes for the rest of games + 30 seconds per move from move one."]
[WhiteElo "1936"]
[BlackElo "2021"]

1. e4 e5 2. Nf3 Nc6 3. Bc4 Bc5 4. c3 Nf6 5. d4 exd4 6. e5 d5 7. Bb5 Ne4 8. cxd4 Bb6 9. Nc3 O-O 10.
Be3 Bg4 11. h3 Bh5 12. Qc2 Bg6 13. Qb3 Ne7 14. O-O c6 15. Bd3 Nxc3 16. Qxc3 Bxd3 17. Qxd3 Qd7 18. Nh4 f5 19. f4 Rae8 20.
Nf3 Bd8 21. Kh2 Ng6 22. Rg1 Qe6 23. Raf1 Rf7 24. Nd2 Ref8 25. Nb3 b6 26. Rc1 Kh8 27. Rc3 a5 28. Rgc1 Ne7 29. Nd2 Rg8 30.
Nf3 h6 31. Qd2 Bc7 32. Bf2 Rc8 33. Bh4 Bd8 34. Qc2 c5 35. dxc5 bxc5 36. Nd4 Qb6 37. Rxc5 Rxc5 38. Qxc5 Qxc5 39.
Rxc5 Bb6 40. Bxe7 Rxe7 41. Rxd5 Bxd4 42. Rxd4 Rb7 43. Rd2 Rb4 44. Re2 Kg8 45. Kg3 Kf7 46. Kf3 g5 47. g3 a4 48.
Rc2 Ke7 49. Rc7+ Ke8 50. Ra7 Kf8 51. Ra5 Ke7 52. Ra6 gxf4 53. gxf4 h5 54. Kg3 Rd4 55. Rb6 a3 56. bxa3 Rd3+ 57.
Kh4 Rxa3 58. Kxh5 Rxh3+ 59. Kg5 Ra3 60. Kxf5 Rxa2 61. Rb7+ Ke8 62. Kf6 1-0

[Event "Schack-SM 2023: Veteran-SM 50+"]
[Site "Helsingborg Arena, Mellersta Stenbocksgatan 14, Helsingborg, Sweden"]
[Date "2023.07.07"]
[Round "7.3"]
[White "Nurmi, Tommy"]
[Black "Nilsson, Patrik 1968"]
[Result "1/2-1/2"]
[TimeControl "90 minutes for 40 moves + 30 minutes for the rest of games + 30 seconds per move from move one."]
[WhiteElo "2010"]
[BlackElo "1931"]

1. c4 g6 2. Nc3 Bg7 3. g3 Nf6 4. Bg2 O-O 5. d3 c6 6. e4 d6 7. Nge2 e5 8. h3 Be6 9. g4 Nbd7 10.
Be3 Nb6 11. O-O h5 12. g5 Ne8 13. Qd2 Nc7 14. f4 exf4 15. Nxf4 c5 16. a4 Nd7 17. Nb5 Ne5 18. Nxc7 Qxc7 19.
Nd5 Bxd5 20. exd5 Rae8 21. Kh1 Re7 22. a5 Rfe8 23. Rae1 Nd7 24. Be4 Ne5 25. Bg2 Nd7 1/2-1/2

[Event "Schack-SM 2023: Mastarklassen-elit"]
[Site "Helsingborg Arena, Mellersta Stenbocksgatan 14, Helsingborg, Sweden"]
[Date "2023.07.07"]
[Round "7.5"]
[White "Lokander, Martin"]
[Black "Walinder, Lars"]
[Result "1-0"]
[TimeControl "90 minutes for 40 moves + 30 minutes for the rest of games + 30 seconds per move from move one."]
[WhiteTitle "IM"]
[BlackTitle "FM"]
[WhiteElo "2444"]
[BlackElo "2310"]

1. e4 e6 2. d4 d5 3. e5 c5 4. c3 Qb6 5. Nf3 Nc6 6. Bd3 Nh6 7. dxc5 Bxc5 8. Qe2 Ng4 9. O-O f6 10.
exf6 Nxf6 11. b4 Bd6 12. b5 Ne7 13. c4 O-O 14. Bb2 dxc4 15. Bxc4 Ned5 16. g3 Bd7 17. Nbd2 Rae8 18. a4 Re7 19.
Bb3 Qd8 20. Nc4 Bc5 21. Nce5 Be8 22. Rac1 Bd6 23. Nd4 Bh5 24. f3 Qb8 25. Nc4 Bc5 26. Ne5 Bd6 27. Rfe1 Kh8 28. Kg2 Be8 29.
f4 Bh5 30. Qd3 Bxe5 31. Rxe5 Bg6 32. Qe2 Qd6 33. Re1 Rfe8 34. Qf3 Nd7 35. Rxe6 Rxe6 36. Rxe6 Rxe6 37. Nxe6 N7b6 38. f5 Bxf5 39.
Nxg7 1-0

[Event "Schack-SM 2023: Mastarklassen"]
[Site "Helsingborg Arena, Mellersta Stenbocksgatan 14, Helsingborg, Sweden"]
[Date "2023.07.07"]
[Round "7.3"]
[White "Joensson, Jacob"]
[Black "Frisk, Ellinor"]
[Result "1-0"]
[TimeControl "90 minutes for 40 moves + 30 minutes for the rest of games + 30 seconds per move from move one."]
[BlackTitle "WIM"]
[WhiteElo "2039"]
[BlackElo "2178"]

1. d4 Nf6 2. c4 c5 3. d5 b5 4. Qc2 bxc4 5. e4 e6 6. Bxc4 exd5 7. exd5 d6 8. Ne2 Be7 9. O-O O-O 10.
b3 Nbd7 11. Bb2 Ng4 12. Nbc3 Nde5 13. Rae1 Rb8 14. Ba1 Nxc4 15. bxc4 Ne5 16. Ne4 Nd7 17. Nf4 h6 18. Re3 Bf6 19.
Nxf6+ Nxf6 20. Qc3 Re8 21. Rxe8+ Qxe8 22. Re1 Qd8 23. h3 Bf5 24. Re3 Kh7 25. Kh2 Qb6 26. Rg3 Bg6 27. Qf3 Rf8 28.
Bxf6 gxf6 29. Nh5 Bxh5 30. Qxh5 Qb1 31. Qg4 Qg6 32. Qd7 Qe4 33. Qxd6 Rg8 34. Rxg8 Kxg8 35. Qxc5 Qe5+ 36. g3 f5 37.
Qe3 Qd6 38. Qd4 Qa6 39. d6 1-0

[Event "Schack-SM 2023: Veteran-SM 65+"]
[Site "Helsingborg Arena, Mellersta Stenbocksgatan 14, Helsingborg, Sweden"]
[Date "2023.07.07"]
[Round "7.4"]
[White "Franzen Hogberg, Thomas"]
[Black "Malmdin, Nils-Ake"]
[Result "0-1"]
[TimeControl "90 minutes for 40 moves + 30 minutes for the rest of games + 30 seconds per move from move one."]
[BlackTitle "FM"]
[WhiteElo "1998"]
[BlackElo "2091"]

1. b3 e5 2. Bb2 Nc6 3. c4 Nf6 4. e3 d6 5. Ne2 g6 6. d4 Bg7 7. dxe5 Ng4 8. h3 Ngxe5 9. Nd4 O-O 10.
Be2 Qg5 11. Kf1 Qh4 12. Nd2 Nb4 13. N2f3 Qe7 14. a3 Na6 15. Qc2 f5 16. g3 Nc5 17. Nb5 c6 18. Nc3 Be6 19. Nd4 Rae8 20.
Nxe6 Qxe6 21. Kg2 g5 22. Rae1 Qf7 23. f4 Ned7 24. Bf3 Qg6 25. Kh2 Nf6 26. Rhg1 g4 27. Bd1 gxh3 28. b4 Nce4 29.
Nxe4 Rxe4 30. Kxh3 Rfe8 31. Qd2 Ng4 32. Bxg4 Qxg4+ 33. Kg2 Bxb2 34. Qxb2 Rxe3 0-1

[Event "Schack-SM 2023: Veteran-SM 50+"]
[Site "Helsingborg Arena, Mellersta Stenbocksgatan 14, Helsingborg, Sweden"]
[Date "2023.07.07"]
[Round "7.4"]
[White "Petersson, Kjell"]
[Black "Johansson, Ingemar 1966"]
[Result "1-0"]
[TimeControl "90 minutes for 40 moves + 30 minutes for the rest of games + 30 seconds per move from move one."]
[WhiteTitle "CM"]
[WhiteElo "2061"]
[BlackElo "1839"]

1. d4 e6 2. Bf4 Nf6 3. e3 d5 4.
Nf3 c5 5. c3 Bd6 6. Nbd2 cxd4 7. Bxd6 dxe3 8. Ba3 exd2+ 9. Qxd2 Nc6 10. Be2 Ne7 11. h4 h6 12. Ne5 Bd7 13. Qf4 Rc8 14.
g4 Nc6 15. g5 Nxe5 16. Qxe5 hxg5 17. Qxg5 g6 18. Qe5 Rh7 19. O-O-O Bc6 20. Bf3 b6 21. h5 Nd7 22. Qd6 Qg5+ 23.
Kb1 Nc5 24. hxg6 Qxg6+ 25. Ka1 Rxh1 26. Rxh1 Qg7 27. Bxc5 bxc5 28. Qxc5 Rc7 29. Qd6 Rc8 30. a3 Bb7 31. Be2 a6 32.
Bxa6 Bxa6 33. Qxa6 Rc4 34. Ka2 Ke7 35. Qa7+ Kd6 36. Qb8+ Ke7 37. Rh8 Kf6 38. Qd8+ Kf5 39. Rh5+ Ke4 40.
Rh3 f6 41. Qd6 1-0

[Event "Schack-SM 2023: Mastarklassen"]
[Site "Helsingborg Arena, Mellersta Stenbocksgatan 14, Helsingborg, Sweden"]
[Date "2023.07.07"]
[Round "7.4"]
[White "Mardell, Jimmy"]
[Black "Sundin, Emanuel"]
[Result "1/2-1/2"]
[TimeControl "90 minutes for 40 moves + 30 minutes for the rest of games + 30 seconds per move from move one."]
[WhiteElo "2160"]
[BlackElo "2103"]

1. d4 Nf6 2. c4 e6 3. Nc3 Bb4 4. e3 O-O 5. Bd3 d5 6. Nge2 dxc4 7. Bxc4 c5 8. O-O cxd4 9. exd4 Bd6 10.
Nb5 Nc6 11. Nxd6 Qxd6 12. Bf4 Qd7 13. Rc1 a6 14. Qd2 b5 15. Bd3 Bb7 16. Rfd1 Rac8 17. Bg5 Nd5 18. Bb1 Nce7 19. Qd3 Ng6 20.
h4 Rxc1 21. Rxc1 Rc8 22. Rxc8+ Qxc8 23. h5 Nf8 24. h6 Ng6 25. Qg3 Qc7 26. Be4 Qxg3 27. Nxg3 f6 28. Bd2 Bc6 29. hxg7 Kxg7 30.
f3 Nde7 31. Kf2 f5 32. Bd3 Bd5 33. b3 Nc6 34. Ne2 Kf6 35. g3 h5 36. Nc3 Nge7 37. Ke3 Nb4 38. Bb1 Bc6 39. Kf2 Nbd5 40.
Ne2 Ng6 41. Ba5 h4 42. Bd8+ Nde7 43. gxh4 Nxh4 44. f4 Nhg6 45. b4 Be4 46. Bxe4 fxe4 47. Ke3 Kf5 48.
Bxe7 Nxe7 49. Ng3+ Kg4 50. Nf1 Kf5 51. Ng3+ Kg4 52. Nf1 Kf5 1/2-1/2

[Event "Schack-SM 2023: Veteran-SM 65+"]
[Site "Helsingborg Arena, Mellersta Stenbocksgatan 14, Helsingborg, Sweden"]
[Date "2023.07.07"]
[Round "7.5"]
[White "Holst, Conny"]
[Black "Sigeman, Johan"]
[Result "1/2-1/2"]
[TimeControl "90 minutes for 40 moves + 30 minutes for the rest of games + 30 seconds per move from move one."]
[WhiteTitle "FM"]
[WhiteElo "2156"]
[BlackElo "2052"]

1. d4 Nf6 2. c4 e6 3. Nc3 Bb4 4. e3 O-O 5. Bd3 d5 6. Nf3 c5 7. cxd5 exd5 8. dxc5 Nc6 9. O-O Bg4 10.
Na4 Qe7 11. a3 Bxc5 12. Nxc5 Qxc5 13. Bd2 Ne4 14. Be2 Rfd8 15. b4 Qd6 16. b5 Bxf3 17. Bxf3 Ne5 18. Bb4 Nxf3+ 19. Qxf3 Qb6 1/2-1/2

[Event "Schack-SM 2023: Veteran-SM 50+"]
[Site "Helsingborg Arena, Mellersta Stenbocksgatan 14, Helsingborg, Sweden"]
[Date "2023.07.07"]
[Round "7.5"]
[White "Ljung, Rickard"]
[Black "Kirppo, Ronny"]
[Result "1/2-1/2"]
[TimeControl "90 minutes for 40 moves + 30 minutes for the rest of games + 30 seconds per move from move one."]
[WhiteElo "1939"]
[BlackElo "1886"]

1. d4 Nf6 2. Bf4 d5 3. e3 c5 4. c3 e6 5. Nf3 Bd6 6. Bxd6 Qxd6 7. Ne5 O-O 8. Bd3 b6 9. O-O Ba6 10.
Bxa6 Nxa6 11. Nd2 Nb8 12. Qe2 Nc6 13. f4 Ne4 14. Nxe4 dxe4 15. Rfd1 cxd4 16. exd4 f6 17. Nxc6 Qxc6 18.
Rd2 Qc7 1/2-1/2

[Event "Schack-SM 2023: Mastarklassen"]
[Site "Helsingborg Arena, Mellersta Stenbocksgatan 14, Helsingborg, Sweden"]
[Date "2023.07.07"]
[Round "7.5"]
[White "Nilsson, Patrik 1978"]
[Black "Franzen, Per-Erik"]
[Result "1-0"]
[TimeControl "90 minutes for 40 moves + 30 minutes for the rest of games + 30 seconds per move from move one."]
[WhiteElo "2167"]
[BlackElo "2025"]

1. d4 Nf6 2. Bf4 d5 3. e3 c5 4. c3 Nc6 5. Nd2 Bf5 6. Ngf3 e6 7. Qb3 Qc8 8. c4 cxd4 9. Nxd4 Nxd4 10. exd4 Be7 11. c5 O-O 12. Be2 b6 13.
Rc1 bxc5 14. dxc5 Bxc5 15. Qg3 a5 16. Be5 Ne8 17. O-O f6 18. Bf4 e5 19. Nb3 exf4 20. Qxf4 Qe6 21. Rxc5 Bg6 22.
Nd4 Qe7 23. Rfc1 Nd6 24. Rxd5 Nf7 25. Bf3 Rac8 26. Rd1 Ne5 27. Be4 Qb4 28. b3 Rfd8 29. Ne6 Re8 30. Bxg6 hxg6 31. Qxb4 axb4 32. Nc5 Ra8 33. Na4 Rac8 34. h3 g5 35. R5d4 Rb8 36. Kf1 Kf7 37. Nc5 Rec8 38. Na6 Rb6 39. Nxb4 Ke6 40. Nd5 Rb5 41. Ne3 Rc6 42. Ke2 f5 43. g4 f4 44.
Nf5 g6 45. Rd6+ Rxd6 46. Nxd6 Rd5 47. Rxd5 Kxd5 48. Nb5 Ke4 49. Nd6+ Kd4 50.
Nc4 f3+ 51. Kd2 Nd3 52. a4 Nxf2 53. a5 Ne4+ 54. Ke1 Nc5 55. Nd6 Ke3 56. Kf1 Na6 57. Nc4+ Kd4 58. Kf2 Kc3 59. Kxf3 Kxb3 60. Ne5 Kb4 61. Nxg6 Kxa5 62. Ke4 1-0

[Event "Schack-SM 2023: Veteran-SM 65+"]
[Site "Helsingborg Arena, Mellersta Stenbocksgatan 14, Helsingborg, Sweden"]
[Date "2023.07.07"]
[Round "7.6"]
[White "Gromark, Per-Olof"]
[Black "Olsson, Thomas"]
[Result "1-0"]
[TimeControl "90 minutes for 40 moves + 30 minutes for the rest of games + 30 seconds per move from move one."]
[WhiteElo "1875"]
[BlackElo "1874"]

1. c4 d6 2. Nc3 g6 3. g3 Bg7 4. Bg2 c5 5. e4 Nc6 6. Nge2 e6 7. d3 Nge7 8. O-O O-O 9. Be3 Nd4 10. Qd2 Nec6 11. Bh6 Bd7 12. Bxg7 Kxg7 13. Rab1 Nxe2+ 14. Nxe2 e5 15.
h3 Rb8 16. f4 f6 17. a3 a5 18. Nc3 Nd4 19. b4 axb4 20. axb4 b6 21. Kh2 Nc6 22. b5 Nd4 23. Qb2 Be6 24.
Ra1 Rf7 25. Ra6 Bc8 26. Ra3 Be6 27. Rfa1 Rfb7 28. h4 Bf7 29. Qf2 Bg8 30. Bh3 Qe7 31. f5 Qc7 32. g4 Rf8 33. Rf1 Qe7 34.
Qa2 Rfb8 35. Kg2 Qc7 36. Qf2 Rf8 37. Kh2 Qe7 38. Qg2 Rbb8 39. Ra2 Rb7 40. Raf2 Rbb8 41. g5 1-0

[Event "Schack-SM 2023: Veteran-SM 50+"]
[Site "Helsingborg Arena, Mellersta Stenbocksgatan 14, Helsingborg, Sweden"]
[Date "2023.07.07"]
[Round "7.6"]
[White "Gamback, Bjorn"]
[Black "Svensson, Hakan"]
[Result "1/2-1/2"]
[TimeControl "90 minutes for 40 moves + 30 minutes for the rest of games + 30 seconds per move from move one."]
[WhiteTitle "CM"]
[WhiteElo "2048"]
[BlackElo "2054"]

1. Nf3 d5 2. d4 Nf6 3. c4 e6 4. Bg5 dxc4 5. e3 b5 6. a4 c6 7. Ne5 Bb4+ 8. Nd2 Qd5 9. Bxf6 gxf6 10.
Nef3 e5 11. Be2 Rg8 12. Kf1 e4 13. Ng1 Na6 14. axb5 cxb5 15. Nxe4 Qe6 16. Bf3 Rb8 17. Ne2 1/2-1/2

[Event "Schack-SM 2023: Mastarklassen"]
[Site "Helsingborg Arena, Mellersta Stenbocksgatan 14, Helsingborg, Sweden"]
[Date "2023.07.07"]
[Round "7.6"]
[White "Soppela, Toni"]
[Black "Mashhadi, Peyman"]
[Result "0-1"]
[TimeControl "90 minutes for 40 moves + 30 minutes for the rest of games + 30 seconds per move from move one."]
[WhiteElo "2032"]
[BlackElo "2117"]

1. d4 g6 2. c4 Bg7 3. Nc3 Nf6 4. e4 O-O 5. Nf3 d6 6. Be2 Na6 7. O-O e5 8. Be3 Qe8 9. dxe5 dxe5 10.
h3 b6 11. Qb1 Nh5 12. Re1 Bb7 13. b4 Nf4 14. Bf1 Ne6 15. a3 Rd8 16. Nd2 f5 17. Nb3 Qf7 18. f3 Nb8 19. Rd1 Nc6 20.
Nd5 Ncd4 21. b5 h5 22. Ra2 f4 23. Bc1 g5 24. Rf2 Kh8 25. Rd3 Rg8 26. Bb2 c6 27. bxc6 Bxc6 28. Qa1 Ba4 29.
Rxd4 exd4 30. Nxd4 Nxd4 31. Bxd4 Rge8 32. Rd2 Bxd4+ 33. Qxd4+ Qg7 34. Qf2 h4 35. Rd4 Bc6 36. Qd2 Qe5 37.
Kh2 Rd7 38. Kg1 Rc8 39. Kh2 Rcd8 40. Kg1 Ba4 41. Kh2 Rc8 42. Kg1 Rd6 43. Kh2 Rc5 44. Be2 Ra5 45. Qb4 Be8 46. Rd1 Rc5 47.
Qb3 Qg7 48. Bf1 Rd8 49. Be2 Bf7 50. Rd3 Rdc8 51. Rd1 b5 52. cxb5 Rc2 53. Bd3 Rb2 54. Qa4 g4 55. hxg4 h3 56.
Nxf4 Qe5 57. Kg3 Rf8 58. Qa6 Kg7 59. Rh1 Be8 60. Qxa7+ Rf7 61. Qe3 Rxf4 62. Kxh3 Rf6 63. g5 Bd7+ 64.
g4 Rf8 65. Be2 Rh8+ 66. Kg2 Rxh1 67. Kxh1 Rc2 68. Qb6 Qa1+ 69. Kg2 Rxe2+ 70. Kg3 Qe5+ 71. f4 Qc3+ 0-1

[Event "Schack-SM 2023: Mastarklassen"]
[Site "Helsingborg Arena, Mellersta Stenbocksgatan 14, Helsingborg, Sweden"]
[Date "2023.07.07"]
[Round "7.7"]
[White "Nylen, Anders"]
[Black "Muntean, Victor"]
[Result "1/2-1/2"]
[TimeControl "90 minutes for 40 moves + 30 minutes for the rest of games + 30 seconds per move from move one."]
[WhiteElo "2094"]
[BlackElo "2097"]

1. d4 d5 2. c4 dxc4 3. e3 c5 4. Bxc4 cxd4 5. exd4 e6 6. Nc3 Nf6 7. Bg5 Be7 8. Nf3 Nc6 9. O-O O-O 10.
Qd2 a6 11. a3 h6 12. Bh4 Qb6 13. b4 Rd8 14. Rad1 Qa7 15. Rfe1 b5 16. Ba2 Rb8 17. d5 Nxd5 18. Nxd5 Bxh4 19.
Nxh4 exd5 20. Bxd5 Bg4 21. Rc1 Qd7 22. Qa2 Qxd5 23. Qxd5 Rxd5 24. Rxc6 Ra8 25. h3 Be6 26. Ng6 Rd3 27.
Nf4 Rxa3 28. Nxe6 fxe6 29. Rexe6 Ra7 30. Rb6 Ra1+ 31. Kh2 Ra2 32. Kg3 Ra4 33. Re4 Rc7 34. Rd4 Ra2 35. Rdd6 Rc3+ 36.
Kh2 Rxf2 37. Rxa6 Rc4 38. Rd7 Rf6 39. Rxf6 gxf6 40. Rb7 Rxb4 41. Kg3 Rb2 42. Kf4 Rxg2 43. Rxb5 Kf7 44. Kf3 Rg5 45.
Rb6 Kg6 46. Ra6 Rb5 47. Kg3 Rb4 48. Ra8 h5 49. Rg8+ Kh7 50. Ra8 h4+ 51. Kf3 Kg6 52. Ra5 Rc4 53. Rb5 Ra4 54. Rc5 Ra3+ 1/2-1/2

[Event "Schack-SM 2023: Mastarklassen"]
[Site "Helsingborg Arena, Mellersta Stenbocksgatan 14, Helsingborg, Sweden"]
[Date "2023.07.07"]
[Round "7.8"]
[White "Liden, Tommy"]
[Black "Carlstrom, Niklas"]
[Result "1-0"]
[TimeControl "90 minutes for 40 moves + 30 minutes for the rest of games + 30 seconds per move from move one."]
[WhiteElo "2107"]
[BlackElo "2125"]

1. e4 e6 2. d4 d5 3. e5 c5 4. c3 Ne7 5. Nf3 Nec6 6. a3 c4 7. b3 cxb3 8. Nbd2 Na5 9. Nxb3 Nxb3 10.
Qxb3 Nc6 11. Bb5 Bd7 12. O-O Na5 13. Qa4 Nc4 14. Ng5 Nb6 15. Bxd7+ Qxd7 16. Qxd7+ Nxd7 17. f4 g6 18. Rb1 Nb6 19.
g4 Be7 20. Rf3 h6 21. Rh3 Rc8 22. a4 Rc7 23. a5 Nc4 24. a6 bxa6 25. Rb8+ Bd8 26. f5 gxf5 27. gxf5 Ke7 28. Nf3 a5 29.
Bg5+ Kd7 30. fxe6+ fxe6 31. Rxh6 Bxg5 32. Rhxh8 Bc1 33. Rhd8+ Kc6 34. Re8 Rg7+ 35. Kf2 Rg6 36. Rec8+ Kd7 37.
Rc5 a4 38. Rb7+ Kd8 39. Rxa7 a3 40. h4 Be3+ 41. Kf1 Rg3 42. Ng5 Rg1+ 43. Ke2 Bxg5 44. Rcc7 a2 45. Rh7 Rg2+ 46. Kf3 1-0

[ePGN "0.1;DGT LiveChess/2.2.5"]

[Event "Schack-SM 2023: Sverigemastarklassen"]
[Site "Helsingborg Arena, Mellersta Stenbocksgatan 14, Helsingborg, Sweden"]
[Date "2023.07.06"]
[Round "6.1"]
[White "Ernst, Thomas"]
[Black "Johansson, Linus"]
[Result "1/2-1/2"]
[TimeControl "90 minutes for 40 moves + 30 minutes for the rest of the game + 30 seconds per move from move one."]
[WhiteTitle "GM"]
[BlackTitle "IM"]
[WhiteElo "2288"]
[BlackElo "2466"]

1. d4 Nf6 2. c4 e6 3. Nc3 Bb4 4. Qc2 d5 5. cxd5 Qxd5 6. e3 O-O 7. Nf3 b6 8. Bd3 Ba6 9. Bxa6 Nxa6 10.
O-O Qb7 11. Bd2 Rac8 12. a3 Bxc3 13. Bxc3 Ne4 14. Nd2 Nxd2 15. Qxd2 c5 16. Rad1 Rfd8 17. Qe2 cxd4 18. Bxd4 f6 19.
b4 Nb8 20. Qg4 Qf7 21. Bb2 Rxd1 22. Rxd1 Nd7 23. h3 Nf8 24. Rd2 Qe7 25. Qf3 Qc7 26. Qd1 h6 27. Kh1 Qc4 28. Kg1 e5 29.
Qg4 Qxg4 30. hxg4 Kf7 31. Kf1 Ke6 32. Ke2 b5 33. e4 Nd7 34. Kd3 Kf7 35. Rc2 Rxc2 36. Kxc2 Kg6 37. Bc1 h5 38.
gxh5+ Kxh5 39. Be3 a6 40. f3 Nf8 41. Kd3 Ne6 42. Ke2 Nd8 43. Kf2 Nb7 44. g4+ Kg6 45. Ke2 Nd6 46. Kd3 Kf7 47.
Kc3 Kg6 48. Kd3 Nf7 49. Ke2 Ng5 50. Kf2 Ne6 51. Kg3 Kf7 52. Kf2 Nf8 53. g5 Ke6 54. gxf6 gxf6 55. Ke2 Ng6 56. Kd3 f5 57.
exf5+ Kxf5 58. Ke2 Nh8 59. Kd3 Nf7 60. Bd2 Nd6 61. Bc1 Nf7 62. Bd2 Nd8 63. Be3 Nc6 64. Bd2 Ne7 65. Be3 Ng6 66.
Ke2 Ke6 67. Bg5 Kd5 68. Kd3 Nh8 69. Be3 Nf7 70. Bd2 Nd6 71. Be3 Nf5 72. Bf2 Ng7 73. Bg1 Ne8 74. Bf2 Nd6 75. Be3 Nf5 76.
Bf2 Ke6 77. Bb6 Kd6 78. Ke4 Ng3+ 79. Kd3 Kd5 80. Be3 Nh5 81. Bd2 Kd6 82. Ke4 Nf6+ 83. Kf5 Nd5 84. Bc1 Nb6 85. Ke4 Ke6 86.
f4 exf4 87. Bxf4 Nc4 88. Bc1 a5 89. bxa5 Nxa5 90. Bd2 Nc4 91. Bb4 Nxa3 92. Bxa3 b4 93. Bxb4 1/2-1/2

[Event "Schack-SM 2023: Junior-SM"]
[Site "Helsingborg Arena, Mellersta Stenbocksgatan 14, Helsingborg, Sweden"]
[Date "2023.07.06"]
[Round "6.3"]
[White "Falkevall, Axel"]
[Black "Joensson, Oscar"]
[Result "1-0"]
[TimeControl "90 minutes for 40 moves + 30 minutes for the rest of the game + 30 seconds per move from move one."]
[WhiteTitle "FM"]
[WhiteElo "2311"]
[BlackElo "2077"]

1. e4 c6 2. d4 d5 3. e5 c5 4.
dxc5 e6 5. a3 Bxc5 6. Qg4 Kf8 7. Bd3 Nc6 8. Nf3 Qc7 9. Qg3 Nge7 10. O-O Nf5 11. Bxf5 exf5 12. Bf4 Be6 13. Nbd2 h6 14.
h4 a6 15. Nb3 Ba7 16. c3 g6 17.
Nfd4 Kg7 18. Rad1 Qe7 19. Be3 Bxd4 20. Bxd4 Nxd4 21. Nxd4 Rhc8 22.
Nc2 Rd8 23. Rd4 Rd7 24. Rfd1 Rad8 25. Qe3 Kh7 26. g3 Qc5 27. R4d2 Qc7 28. f4 h5 29. Rd4 b6 30. Qe2 Qb7 31. R1d2 Kg7 32. Kh2 Kf8 33. Nb4 a5 34.
Nc2 Rc8 35. Ne3 Rc5 36. Qd3 Qc6 37. Qe2 Ke8 38. Qd1 Qb7 39. Nc2 b5 40. R2d3 Rc4 41.
Ne3 Rxd4 42. Rxd4 a4 43. Qd3 Qc6 44. Kg1 Qc5 45. Kf2 Kd8 46. Nc2 Kc7 47. Qe3 Kc8 48. Rb4 Qxe3+ 49. Kxe3 Rb7 50. Kd4 Kc7 51. Kc5 Bd7 52. Kxd5 Kb6 53.
Kd4 Be6 54. Ke3 Bc4 55. Nd4 Rd7 56. Nxb5 Rd3+ 57. Kf2 Bxb5 58. c4 Rd4 59. Rxb5+ Kc6 60. Rb4 Kc5 61. Ke3 Rxc4 62. Rxc4+ Kxc4 63. Kd2 Kd4 64. Kc2 Kc4 65.
b3+ 1-0

[Event "Schack-SM 2023: Mastarklassen"]
[Site "Helsingborg Arena, Mellersta Stenbocksgatan 14, Helsingborg, Sweden"]
[Date "2023.07.06"]
[Round "6.2"]
[White "Lundin, Jan"]
[Black "Mardell, Jimmy"]
[Result "1-0"]
[TimeControl "90 minutes for 40 moves + 30 minutes for the rest of games + 30 seconds per move from move one."]
[WhiteTitle "FM"]
[WhiteElo "2203"]
[BlackElo "2160"]

1. c4 e5 2. Nc3 Nf6 3. e4 Bb4 4. g3 O-O 5. Nge2 Re8 6. Bg2 a5 7. O-O Nc6 8. d3 h6 9. h3 Bc5 10.
Kh2 d6 11. Nb5 Na7 12. a4 Nxb5 13. axb5 c6 14. bxc6 bxc6 15. f4 Qb6 16. fxe5 dxe5 17. Bxh6 gxh6 18. Rxf6 Re6 19. Qf1 Ra7 20.
d4 exd4 21. Rxe6 Bxe6 22. Nf4 Re7 23. Nh5 Rb7 24. e5 Qc7 25. Qf4 Kf8 26. Qxh6+ Ke7 27. Qg5+ Kd7 28. Nf4 Be7 29. Qh5 Rxb2 30.
Rd1 Qa7 31. Qf3 c5 32. Qc6+ Kd8 33. Nd5 a4 34. Ra1 a3 35. Rxa3 Rxg2+ 36. Kxg2 1-0

[Event "Schack-SM 2023: Sverigemastarklassen"]
[Site "Helsingborg Arena, Mellersta Stenbocksgatan 14, Helsingborg, Sweden"]
[Date "2023.07.06"]
[Round "6.2"]
[White "Pantzar, Milton"]
[Black "Kucuksari, Kaan"]
[Result "1-0"]
[TimeControl "90 minutes for 40 moves + 30 minutes for the rest of the game + 30 seconds per move from move one."]
[WhiteTitle "IM"]
[BlackTitle "IM"]
[WhiteElo "2442"]
[BlackElo "2512"]

1. d4 g6 2. Nf3 Bg7 3. e4 d6 4. Bd3 e5 5. c3 Nc6 6. dxe5 Nxe5 7. Nxe5 dxe5 8. O-O Nf6 9. a4 O-O 10.
a5 Qe7 11. Qe2 a6 12. b4 Nh5 13. g3 Bh3 14. Re1 Nf6 15. Na3 Nd7 16. Nc4 Rfd8 17. Ne3 Be6 18. Ba3 Qe8 19. Bb2 Bf8 20.
Rab1 Nf6 21. Ba1 Qc6 22. c4 Nd7 23. Nd5 b6 24. axb6 cxb6 25. Rec1 Bxd5 26. cxd5 Qb7 27. Bc3 Rdc8 28.
Bd2 Rxc1+ 29. Rxc1 b5 30. Qe3 Rc8 31. Rxc8 Qxc8 32. Qa7 Bd6 33. Kg2 Bb8 34. Qe3 Bc7 35. Qe1 Bd6 36. Qb1 Nb6 37.
Qa2 Kg7 38. h4 h5 39. Qa1 Nc4 40. Bc3 Kh7 41. Kh2 Be7 42. Bxe5 Bxb4 43. Bf4 Be7 44. Bxc4 bxc4 45. d6 Bd8 46.
Qe5 Qe6 47. Qxe6 fxe6 48. Bg5 Bb6 49. d7 Kg7 50. d8=Q Bxd8 51. Bxd8 Kf7 52. Ba5 Ke7 53. f4 Kd6 54. Bc3 Kc5 55.
g4 Kd6 56. Kg3 Ke7 57. gxh5 gxh5 58. Kf3 Kd6 59. Ke3 Kc5 60. f5 1-0

[ePGN "0.1;DGT LiveChess/2.2.5"]

[Event "Schack-SM 2023: Mastarklassen-elit"]
[Site "Helsingborg Arena, Mellersta Stenbocksgatan 14, Helsingborg, Sweden"]
[Date "2023.07.06"]
[Round "6.1"]
[White "Olund, Joar"]
[Black "Lind, Jan-Olov"]
[Result "1-0"]
[TimeControl "90 minutes for 40 moves + 30 minutes for the rest of games + 30 seconds per move from move one."]
[WhiteTitle "FM"]
[WhiteElo "2399"]
[BlackElo "2191"]

1. d4 g6 2. e4 Bg7 3. Nf3 d6 4. Bc4 e6 5. Bb3 Ne7 6. c3 O-O 7. Nbd2 Nd7 8.
Nf1 c5 9. Ng3 cxd4 10. cxd4 d5 11. e5 Nc6 12. O-O f6 13. exf6 Qxf6 14. Bg5 Qf7 15.
Qd2 Nb6 16. Rae1 Bd7 17. h4 Qe8 18. Ne2 a5 19. a3 a4 20. Ba2 Rf5 21. Ne5 Nxe5 22. dxe5 Bb5 23. Nd4 Bxf1 24. Nxf5 gxf5 25.
Rxf1 Rc8 26. Qd4 Qb5 27. Bf6 Nd7 28. g4 Qc5 29. Qxc5 Rxc5 30. Be7 Rb5 31. gxf5 exf5 32. e6 Nb6 33.
Re1 Nc8 34. Bb4 Rxb4 35. axb4 Ne7 36. Re2 b5 37. Bb1 Bf6 38. Bd3 Nc6 39. e7 Nxe7 40. h5 Kf8 41. Bxb5 f4 42. Bxa4 Nf5 43.
Re6 Kf7 44. Ra6 1-0

[Event "Schack-SM 2023: Junior-SM"]
[Site "Helsingborg Arena, Mellersta Stenbocksgatan 14, Helsingborg, Sweden"]
[Date "2023.07.06"]
[Round "6.4"]
[White "Ostlund, Joar"]
[Black "Wernberg, Hugo"]
[Result "1-0"]
[TimeControl "90 minutes for 40 moves + 30 minutes for the rest of the game + 30 seconds per move from move one."]
[WhiteTitle "CM"]
[BlackTitle "FM"]
[WhiteElo "2265"]
[BlackElo "2217"]

1. d4 d5 2. c4 e6 3. Nc3 a6 4. cxd5 exd5 5. Nf3 c6 6. Bf4 Bd6 7. Bxd6 Qxd6 8. e3 Ne7 9. Qb3 Nd7 10.
Bd3 Nf6 11. O-O O-O 12. Na4 Bf5 13. Bxf5 Nxf5 14. Nc5 Rfb8 15. Rac1 Qe7 16. Ne5 Nd6 17. f3 Nde8 18. Rc2 Nc7 19.
Na4 Qe8 20. g4 Ne6 21. Nb6 Ra7 22. Rg2 Nf8 23. e4 Ne6 24.
Qe3 Qd8 25. g5 Qxb6 26. gxf6 Rd8 27. Rxg7+ 1-0